General information
			
			
        
        - name: BNet
 
        - type: Ladder team game (AT/RT)
 
        - host: Battle.net
 
        - saver: Mata.
 
        
map: Friends 
        - players: 8
 
        - length: 82:08
 
        - speed: Fast
 - version: 1.20 W3XP
 - replay type:  

 
» download(452 KB)
Players
        team 1 (loser) 
              
              
dragonkin231 (
yellow | 16 APM | 1223 actions | 74:49)
              
 5 Dreadlord 
 3 Vampiric Aura
 2 Sleep
 
                » actions 
                
                | Basic commands | 27 |  | 
| Build / train | 105 |  | 
| Enter build submenu | 21 |  | 
| Enter hero's abilities submenu | 5 |  | 
| Remove unit from queue | 1 |  | 
| Right click | 461 |  | 
| Select / deselect | 527 |  | 
| Use ability | 76 |  | 
                1223 total
 » units 
                
                | Ghoul | 10 |  | 
| Acolyte | 10 |  | 
| Crypt Fiend | 6 |  | 
| Gargoyle | 31 |  | 
| Abomination | 26 |  | 
                83 total
 » upgrades
                
                | Web | 1 |  | 
| Stone Form | 1 |  | 
| Unholy Strength | 3 |  | 
| Unholy Armor | 2 |  | 
| Disease Cloud | 1 |  | 
                8 total
 » buildings
                
                | Altar of Darkness | 1 |  | 
| Ziggurat | 9 |  | 
| Crypt | 2 |  | 
| Nerubian Tower | 5 |  | 
| Graveyard | 1 |  | 
| Halls of the Dead | 1 |  | 
| Slaughterhouse | 2 |  | 
| Black Citadel | 1 |  | 
                22 total
 » build order
                00:10 Altar of Darkness
00:28 Ziggurat
00:32 Crypt
02:05 Crypt
06:14 Ziggurat
07:11 Ziggurat
07:14 Nerubian Tower
08:33 Nerubian Tower
09:24 Graveyard
11:25 Halls of the Dead
14:41 Ziggurat
18:56 Slaughterhouse
23:08 Ziggurat
23:15 Ziggurat
24:14 Nerubian Tower
26:29 Black Citadel
29:26 Ziggurat
29:30 Ziggurat
29:34 Ziggurat
31:33 Nerubian Tower
51:11 Nerubian Tower
58:36 Slaughterhouse
 
               
              
              
draygonia2 (
orange | 26 APM | 1632 actions | 62:20)
              
 2 Keeper of the Grove 
 1 Force of Nature
 1 Thorns Aura
 
                » actions 
                
                | Build / train | 123 |  | 
| Enter build submenu | 58 |  | 
| Enter hero's abilities submenu | 2 |  | 
| Right click | 856 |  | 
| Select / deselect | 511 |  | 
| Use ability | 82 |  | 
                1632 total
 » units 
                
                | Wisp | 61 |  | 
| Huntress | 15 |  | 
| Archer | 7 |  | 
| Glaive Thrower | 26 |  | 
| Druid of the Claw | 1 |  | 
                110 total
 » upgrades
                
                | Strength of the Moon | 3 |  | 
| Moon Armor | 3 |  | 
| Vorpal Blades | 1 |  | 
                7 total
 » buildings
                
                | Altar of Elders | 1 |  | 
| Moon Well | 9 |  | 
| Hunter's Hall | 1 |  | 
| Ancient of War | 8 |  | 
| Ancient of Wonders | 1 |  | 
| Tree of Ages | 2 |  | 
| Tree of Eternity | 1 |  | 
| Ancient Protector | 31 |  | 
| Ancient of Lore | 1 |  | 
| Ancient of Wind | 1 |  | 
                56 total
 » build order
                00:36 Altar of Elders
00:43 Moon Well
01:58 Hunter's Hall
02:26 Ancient of War
03:55 Moon Well
04:00 Moon Well
05:20 Moon Well
06:36 Moon Well
07:37 Moon Well
08:50 Ancient of War
08:55 Ancient of Wonders
08:57 Tree of Ages
08:58 Tree of Ages
13:48 Tree of Eternity
14:06 Moon Well
19:39 Ancient Protector
19:52 Ancient Protector
20:10 Ancient Protector
20:21 Ancient Protector
20:30 Ancient Protector
20:37 Ancient Protector
20:48 Ancient Protector
23:23 Ancient Protector
23:27 Ancient Protector
23:35 Ancient Protector
24:20 Ancient Protector
24:27 Ancient Protector
25:27 Moon Well
25:46 Ancient Protector
26:49 Ancient Protector
26:53 Ancient Protector
27:49 Moon Well
27:57 Ancient of Lore
28:08 Ancient Protector
28:23 Ancient Protector
29:15 Ancient Protector
29:46 Ancient Protector
32:36 Ancient of War
32:47 Ancient of War
33:00 Ancient of War
33:22 Ancient of War
33:34 Ancient of War
33:43 Ancient of War
34:03 Ancient Protector
46:07 Ancient of Wind
57:39 Ancient Protector
57:54 Ancient Protector
58:00 Ancient Protector
58:28 Ancient Protector
58:35 Ancient Protector
58:40 Ancient Protector
60:34 Ancient Protector
60:40 Ancient Protector
61:04 Ancient Protector
61:13 Ancient Protector
61:45 Ancient Protector
 
               
              
              
saytr_bane (
pink | 29 APM | 2152 actions | 73:38)
              
 4 Blademaster 
 1 Wind Walk
 2 Critical Strike
 1 Mirror Image
 2 Far Seer 
 1 Feral Spirit
 1 Chain Lighting
 1 Shadow Hunter 
 1 Serpent Ward
 
                » actions 
                
                | Basic commands | 3 |  | 
| Build / train | 134 |  | 
| ESC pressed | 17 |  | 
| Enter build submenu | 132 |  | 
| Enter hero's abilities submenu | 7 |  | 
| Right click | 1190 |  | 
| Select / deselect | 543 |  | 
| Use ability | 126 |  | 
                2152 total
 » units 
                
                | Peon | 26 |  | 
| Grunt | 15 |  | 
| Troll Headhunter/Berserker | 8 |  | 
| Wind Rider | 4 |  | 
| Kodo Beast | 1 |  | 
| Demolisher | 50 |  | 
                104 total
 » upgrades
                
                | Burning Oil | 1 |  | 
| Spiked Barricades | 3 |  | 
| Melee Weapons | 3 |  | 
| Ranged Weapons | 3 |  | 
| Reinforced Defenses | 2 |  | 
| Armor | 2 |  | 
| Pillage | 1 |  | 
                15 total
 » buildings
                
                | Altar of Storms | 2 |  | 
| Orc Burrow | 15 |  | 
| Barracks | 6 |  | 
| Stronghold | 3 |  | 
| War Mill | 2 |  | 
| Beastiary | 2 |  | 
| Fortress | 2 |  | 
| Watch Tower | 68 |  | 
| Great Hall | 3 |  | 
                103 total
 » build order
                00:08 Altar of Storms
00:10 Orc Burrow
00:12 Orc Burrow
00:15 Altar of Storms
01:34 Barracks
04:40 Stronghold
05:47 War Mill
06:03 Orc Burrow
06:37 Orc Burrow
07:12 Beastiary
08:07 Fortress
08:38 Watch Tower
10:17 Watch Tower
10:59 Orc Burrow
11:01 Orc Burrow
11:58 Watch Tower
12:17 Watch Tower
17:29 Great Hall
17:37 Great Hall
20:21 Watch Tower
20:23 Watch Tower
20:26 Watch Tower
20:53 Watch Tower
21:05 Watch Tower
21:29 Watch Tower
22:03 Watch Tower
22:08 Watch Tower
22:12 Watch Tower
22:43 Stronghold
23:10 Watch Tower
23:14 Watch Tower
23:27 Watch Tower
24:29 Watch Tower
24:34 Watch Tower
24:57 Watch Tower
26:28 Great Hall
27:43 Watch Tower
27:45 Watch Tower
27:50 Watch Tower
27:58 Watch Tower
29:24 Watch Tower
29:36 Watch Tower
29:49 Watch Tower
30:23 Stronghold
30:30 Watch Tower
30:37 Watch Tower
31:06 Watch Tower
31:08 Watch Tower
31:34 Watch Tower
31:43 Watch Tower
31:50 Watch Tower
32:14 Watch Tower
33:36 Watch Tower
33:50 War Mill
34:44 Watch Tower
34:51 Watch Tower
35:31 Watch Tower
35:36 Watch Tower
36:13 Watch Tower
36:22 Watch Tower
36:58 Watch Tower
37:21 Watch Tower
37:24 Watch Tower
37:32 Watch Tower
37:43 Watch Tower
38:31 Watch Tower
38:36 Watch Tower
38:40 Watch Tower
38:52 Fortress
39:00 Watch Tower
39:02 Watch Tower
39:07 Watch Tower
39:41 Watch Tower
39:48 Watch Tower
39:58 Watch Tower
41:00 Watch Tower
41:11 Watch Tower
41:17 Watch Tower
41:26 Watch Tower
42:09 Watch Tower
42:35 Watch Tower
43:03 Barracks
43:06 Barracks
43:39 Watch Tower
43:42 Watch Tower
44:42 Orc Burrow
44:45 Orc Burrow
45:03 Orc Burrow
45:19 Watch Tower
45:38 Orc Burrow
46:01 Orc Burrow
46:50 Barracks
47:08 Beastiary
47:32 Barracks
47:44 Barracks
51:03 Watch Tower
51:09 Orc Burrow
51:21 Watch Tower
54:00 Watch Tower
54:04 Watch Tower
65:47 Orc Burrow
69:20 Orc Burrow
69:38 Orc Burrow
 
               
              
              
T-PaC32 (
teal | 33 APM | 2703 actions | 82:05)
              
 6 Warden 
 3 Fan of Knives
 1 Blink
 1 Shadow Strike
 1 Spirit of Vengeance
 5 Priestess of the Moon 
 3 Trueshot Aura
 2 Searing Arrows
 
                » actions 
                
                | Assign group hotkey | 13 |  | 
| Basic commands | 13 |  | 
| Build / train | 189 |  | 
| ESC pressed | 3 |  | 
| Enter build submenu | 42 |  | 
| Enter hero's abilities submenu | 11 |  | 
| Right click | 1320 |  | 
| Select / deselect | 952 |  | 
| Select group hotkey | 75 |  | 
| Use ability | 81 |  | 
                2703 total
 » units 
                
                | Wisp | 47 |  | 
| Archer | 12 |  | 
| Huntress | 9 |  | 
| Dryad | 45 |  | 
| Glaive Thrower | 2 |  | 
| Goblin Zeppelin | 2 |  | 
| Chimaera | 17 |  | 
| Hippogryph | 14 |  | 
                148 total
 » upgrades
                
                | Strength of the Moon | 4 |  | 
| Abolish Magic | 1 |  | 
| Ultravision | 1 |  | 
| Vorpal Blades | 2 |  | 
| Strength of the Wild | 3 |  | 
| Corrosive Breath | 1 |  | 
| Reinforced Hides | 3 |  | 
| Marksmanship | 1 |  | 
| Improved Bows | 1 |  | 
| Moon Armor | 3 |  | 
| Hippogryph Taming | 1 |  | 
                21 total
 » buildings
                
                | Altar of Elders | 1 |  | 
| Moon Well | 9 |  | 
| Ancient of War | 2 |  | 
| Hunter's Hall | 1 |  | 
| Tree of Ages | 5 |  | 
| Ancient of Lore | 2 |  | 
| Tree of Eternity | 2 |  | 
| Ancient of Wind | 2 |  | 
| Chimaera Roost | 2 |  | 
| Tree of Life | 5 |  | 
| Ancient Protector | 10 |  | 
                41 total
 » build order
                00:16 Altar of Elders
00:26 Moon Well
00:57 Ancient of War
01:50 Moon Well
02:53 Hunter's Hall
03:41 Moon Well
04:10 Ancient of War
05:13 Moon Well
05:32 Tree of Ages
06:57 Moon Well
08:01 Ancient of Lore
11:44 Moon Well
13:42 Tree of Eternity
17:06 Ancient of Wind
18:49 Chimaera Roost
18:55 Chimaera Roost
20:17 Tree of Life
21:35 Tree of Life
22:02 Moon Well
22:06 Moon Well
23:31 Moon Well
23:56 Tree of Ages
25:25 Ancient Protector
26:16 Tree of Ages
26:22 Tree of Ages
28:42 Ancient Protector
28:58 Tree of Eternity
30:19 Ancient Protector
36:11 Tree of Life
43:48 Ancient of Wind
53:14 Ancient of Lore
57:39 Tree of Ages
58:32 Tree of Life
58:58 Tree of Life
62:49 Ancient Protector
62:53 Ancient Protector
64:02 Ancient Protector
64:10 Ancient Protector
64:16 Ancient Protector
64:36 Ancient Protector
64:39 Ancient Protector
 
               team 2 (winner) 
              
              
Mata. (
blue | 68 APM | 5595 actions | 82:08)
              
 7 Archmage 
 3 Blizzard
 3 Brilliance Aura
 1 Mass Teleport
 
                » actions 
                
                | Assign group hotkey | 480 |  | 
| Basic commands | 16 |  | 
| Build / train | 589 |  | 
| ESC pressed | 11 |  | 
| Enter build submenu | 277 |  | 
| Enter hero's abilities submenu | 8 |  | 
| Give item / drop item | 1 |  | 
| Remove unit from queue | 5 |  | 
| Right click | 1720 |  | 
| Select / deselect | 1273 |  | 
| Select group hotkey | 154 |  | 
| Use ability | 1061 |  | 
                5595 total
 » units 
                
                | Peasant | 34 |  | 
| Goblin Shredder | 17 |  | 
| Goblin Zeppelin | 1 |  | 
                52 total
 » upgrades
                
                | Masonry | 3 |  | 
| Lumber Harvesting | 2 |  | 
                5 total
 » buildings
                
                | Altar of Kings | 1 |  | 
| Farm | 4 |  | 
| Lumber Mill | 7 |  | 
| Scout Tower | 915 |  | 
| Guard Tower | 507 |  | 
| Arcane Vault | 1 |  | 
| Keep | 2 |  | 
| Castle | 1 |  | 
| Town Hall | 5 |  | 
                1443 total
 » build order
                00:06 Altar of Kings
00:22 Farm
00:55 Lumber Mill
01:09 Scout Tower
01:11 Scout Tower
01:12 Scout Tower
01:16 Scout Tower
01:56 Guard Tower
02:04 Guard Tower
02:04 Guard Tower
02:04 Guard Tower
02:05 Guard Tower
02:16 Farm
02:35 Guard Tower
02:36 Guard Tower
03:13 Scout Tower
03:14 Scout Tower
03:15 Scout Tower
03:18 Scout Tower
03:43 Guard Tower
03:43 Guard Tower
03:45 Scout Tower
03:46 Scout Tower
03:47 Guard Tower
03:47 Guard Tower
03:48 Scout Tower
05:00 Guard Tower
05:00 Guard Tower
05:02 Scout Tower
05:02 Scout Tower
05:16 Scout Tower
05:17 Scout Tower
05:18 Scout Tower
05:20 Scout Tower
05:21 Scout Tower
05:29 Guard Tower
05:45 Arcane Vault
06:02 Guard Tower
06:02 Guard Tower
06:07 Guard Tower
06:07 Guard Tower
06:07 Guard Tower
06:21 Scout Tower
06:22 Scout Tower
06:23 Scout Tower
06:24 Scout Tower
06:24 Scout Tower
06:27 Guard Tower
06:44 Guard Tower
06:58 Keep
06:58 Keep
07:00 Guard Tower
07:05 Scout Tower
07:06 Scout Tower
07:07 Scout Tower
07:08 Scout Tower
07:09 Scout Tower
07:09 Scout Tower
07:10 Scout Tower
07:11 Scout Tower
07:14 Scout Tower
07:15 Scout Tower
07:16 Scout Tower
07:16 Scout Tower
07:17 Scout Tower
07:18 Guard Tower
07:30 Scout Tower
07:30 Scout Tower
07:31 Scout Tower
07:33 Scout Tower
07:34 Scout Tower
07:35 Scout Tower
07:54 Guard Tower
07:54 Guard Tower
08:41 Guard Tower
08:41 Guard Tower
08:48 Guard Tower
08:55 Guard Tower
08:55 Guard Tower
10:04 Guard Tower
10:05 Guard Tower
10:11 Guard Tower
10:15 Scout Tower
10:16 Scout Tower
10:17 Scout Tower
10:17 Scout Tower
11:13 Guard Tower
11:13 Guard Tower
11:15 Scout Tower
11:16 Scout Tower
11:17 Scout Tower
11:18 Scout Tower
11:20 Guard Tower
11:21 Guard Tower
11:44 Guard Tower
11:56 Guard Tower
12:08 Scout Tower
12:10 Scout Tower
12:10 Scout Tower
12:11 Scout Tower
12:13 Scout Tower
12:13 Scout Tower
12:15 Scout Tower
12:15 Scout Tower
12:17 Guard Tower
12:17 Guard Tower
12:18 Scout Tower
12:20 Scout Tower
12:21 Scout Tower
12:21 Scout Tower
12:34 Farm
12:36 Farm
13:15 Guard Tower
13:15 Guard Tower
13:31 Guard Tower
13:32 Guard Tower
13:34 Guard Tower
13:35 Guard Tower
13:57 Guard Tower
13:57 Guard Tower
14:12 Lumber Mill
14:27 Guard Tower
15:05 Guard Tower
15:44 Castle
17:06 Scout Tower
17:07 Scout Tower
17:29 Scout Tower
17:30 Scout Tower
17:30 Scout Tower
17:31 Scout Tower
17:32 Scout Tower
17:33 Scout Tower
17:34 Scout Tower
17:34 Scout Tower
18:16 Guard Tower
18:16 Guard Tower
18:32 Scout Tower
18:34 Scout Tower
18:35 Scout Tower
18:36 Scout Tower
18:37 Scout Tower
18:38 Scout Tower
18:39 Scout Tower
18:40 Scout Tower
18:40 Scout Tower
18:41 Scout Tower
18:42 Scout Tower
18:43 Scout Tower
18:43 Scout Tower
18:57 Guard Tower
18:58 Guard Tower
19:05 Guard Tower
19:06 Guard Tower
19:06 Guard Tower
19:13 Scout Tower
19:14 Scout Tower
19:15 Scout Tower
19:15 Scout Tower
19:16 Scout Tower
19:17 Scout Tower
19:17 Scout Tower
19:18 Scout Tower
19:48 Guard Tower
19:48 Guard Tower
20:02 Guard Tower
20:02 Guard Tower
20:07 Scout Tower
20:07 Scout Tower
20:08 Scout Tower
20:10 Scout Tower
20:11 Guard Tower
20:32 Guard Tower
20:32 Guard Tower
20:33 Guard Tower
20:34 Guard Tower
20:35 Guard Tower
20:44 Guard Tower
20:45 Guard Tower
21:11 Guard Tower
21:11 Guard Tower
22:01 Guard Tower
22:06 Scout Tower
22:07 Scout Tower
22:10 Scout Tower
22:12 Scout Tower
22:12 Scout Tower
22:13 Scout Tower
22:13 Scout Tower
22:13 Scout Tower
22:14 Scout Tower
22:14 Scout Tower
22:15 Scout Tower
22:16 Scout Tower
22:40 Guard Tower
22:40 Guard Tower
22:48 Guard Tower
23:23 Guard Tower
23:24 Guard Tower
23:27 Scout Tower
23:29 Scout Tower
23:29 Scout Tower
23:30 Scout Tower
23:31 Scout Tower
23:32 Scout Tower
23:32 Scout Tower
23:33 Scout Tower
24:32 Guard Tower
25:39 Guard Tower
25:39 Guard Tower
25:40 Guard Tower
26:32 Guard Tower
26:32 Guard Tower
26:46 Town Hall
26:54 Guard Tower
26:57 Lumber Mill
27:11 Scout Tower
27:12 Scout Tower
27:13 Scout Tower
27:14 Scout Tower
27:15 Scout Tower
27:15 Scout Tower
27:16 Scout Tower
27:17 Scout Tower
27:18 Scout Tower
27:19 Scout Tower
27:20 Scout Tower
27:21 Scout Tower
27:21 Scout Tower
27:22 Scout Tower
27:23 Scout Tower
27:29 Scout Tower
27:30 Scout Tower
27:34 Scout Tower
27:35 Scout Tower
27:59 Guard Tower
27:59 Guard Tower
28:14 Scout Tower
28:16 Scout Tower
28:17 Scout Tower
28:19 Guard Tower
28:19 Guard Tower
28:19 Guard Tower
28:56 Guard Tower
28:56 Guard Tower
29:08 Guard Tower
29:14 Scout Tower
29:15 Scout Tower
29:15 Scout Tower
29:16 Scout Tower
29:18 Scout Tower
29:18 Scout Tower
29:19 Scout Tower
29:19 Scout Tower
29:20 Scout Tower
29:36 Guard Tower
29:36 Guard Tower
29:41 Scout Tower
29:42 Scout Tower
29:42 Scout Tower
29:44 Scout Tower
29:45 Scout Tower
29:45 Scout Tower
29:46 Scout Tower
29:47 Scout Tower
29:47 Scout Tower
29:51 Scout Tower
29:55 Scout Tower
29:57 Scout Tower
29:58 Scout Tower
29:59 Scout Tower
30:01 Guard Tower
30:01 Guard Tower
30:12 Scout Tower
30:13 Scout Tower
30:15 Scout Tower
30:15 Scout Tower
30:16 Scout Tower
30:17 Scout Tower
30:19 Scout Tower
30:20 Scout Tower
30:21 Scout Tower
30:21 Scout Tower
30:22 Scout Tower
30:26 Scout Tower
30:27 Scout Tower
30:27 Scout Tower
30:28 Scout Tower
30:29 Scout Tower
31:28 Guard Tower
31:28 Guard Tower
31:40 Guard Tower
31:40 Guard Tower
31:45 Scout Tower
31:46 Scout Tower
31:46 Scout Tower
31:47 Scout Tower
31:48 Scout Tower
31:49 Scout Tower
31:50 Scout Tower
31:51 Scout Tower
31:52 Scout Tower
31:53 Scout Tower
31:54 Guard Tower
32:01 Scout Tower
32:03 Scout Tower
32:04 Scout Tower
32:05 Scout Tower
32:06 Scout Tower
32:07 Scout Tower
32:15 Lumber Mill
32:28 Guard Tower
32:33 Guard Tower
32:35 Guard Tower
32:35 Guard Tower
32:40 Guard Tower
32:40 Guard Tower
32:59 Scout Tower
33:00 Scout Tower
33:01 Scout Tower
33:02 Scout Tower
33:02 Scout Tower
33:03 Scout Tower
33:05 Scout Tower
33:06 Scout Tower
33:06 Scout Tower
33:07 Scout Tower
33:10 Guard Tower
33:10 Guard Tower
33:12 Scout Tower
33:13 Scout Tower
33:14 Scout Tower
33:14 Scout Tower
33:15 Scout Tower
33:15 Scout Tower
33:45 Guard Tower
34:16 Town Hall
34:22 Guard Tower
34:22 Guard Tower
34:22 Guard Tower
35:06 Guard Tower
35:06 Guard Tower
35:53 Guard Tower
36:41 Town Hall
36:59 Scout Tower
37:01 Scout Tower
37:02 Scout Tower
37:02 Scout Tower
37:03 Scout Tower
37:04 Scout Tower
37:04 Scout Tower
37:04 Scout Tower
37:06 Scout Tower
37:07 Scout Tower
37:08 Scout Tower
37:09 Scout Tower
37:09 Scout Tower
37:10 Scout Tower
37:13 Scout Tower
37:14 Scout Tower
37:15 Scout Tower
37:16 Scout Tower
37:17 Scout Tower
37:17 Scout Tower
37:18 Scout Tower
37:18 Scout Tower
37:19 Scout Tower
37:20 Scout Tower
37:20 Scout Tower
37:32 Scout Tower
37:35 Scout Tower
37:36 Scout Tower
37:38 Scout Tower
37:39 Scout Tower
37:39 Scout Tower
38:35 Guard Tower
38:53 Guard Tower
39:48 Guard Tower
39:51 Scout Tower
39:52 Scout Tower
39:57 Scout Tower
39:58 Scout Tower
39:59 Scout Tower
40:00 Scout Tower
40:01 Scout Tower
40:02 Scout Tower
40:03 Scout Tower
40:04 Scout Tower
40:05 Scout Tower
40:05 Scout Tower
40:06 Scout Tower
40:07 Scout Tower
40:07 Scout Tower
40:08 Scout Tower
40:23 Guard Tower
40:24 Guard Tower
40:26 Guard Tower
40:26 Scout Tower
40:27 Scout Tower
40:28 Scout Tower
40:28 Scout Tower
40:29 Scout Tower
40:29 Scout Tower
40:55 Guard Tower
40:56 Guard Tower
40:59 Guard Tower
41:09 Guard Tower
41:09 Guard Tower
41:20 Guard Tower
41:20 Guard Tower
41:20 Guard Tower
41:37 Town Hall
41:42 Guard Tower
41:45 Scout Tower
41:46 Scout Tower
41:48 Scout Tower
41:49 Scout Tower
41:51 Scout Tower
42:04 Scout Tower
42:04 Scout Tower
42:05 Scout Tower
42:06 Scout Tower
42:07 Scout Tower
42:11 Guard Tower
42:11 Guard Tower
42:20 Guard Tower
42:21 Guard Tower
42:21 Scout Tower
42:23 Scout Tower
42:23 Scout Tower
42:24 Scout Tower
42:25 Scout Tower
42:26 Scout Tower
42:27 Scout Tower
42:27 Scout Tower
42:28 Scout Tower
42:31 Guard Tower
42:32 Guard Tower
42:32 Guard Tower
42:49 Guard Tower
42:51 Scout Tower
42:52 Scout Tower
42:52 Scout Tower
42:53 Scout Tower
42:54 Scout Tower
42:54 Scout Tower
42:55 Scout Tower
42:56 Scout Tower
42:56 Scout Tower
42:57 Scout Tower
43:07 Scout Tower
43:08 Scout Tower
43:09 Scout Tower
43:10 Scout Tower
43:20 Guard Tower
43:22 Scout Tower
43:24 Scout Tower
43:24 Scout Tower
43:25 Scout Tower
43:26 Scout Tower
43:26 Scout Tower
43:27 Scout Tower
43:28 Scout Tower
43:33 Guard Tower
43:33 Guard Tower
43:46 Guard Tower
43:47 Guard Tower
43:49 Guard Tower
43:49 Guard Tower
43:59 Guard Tower
43:59 Guard Tower
44:01 Guard Tower
44:01 Guard Tower
44:02 Guard Tower
44:06 Scout Tower
44:09 Scout Tower
44:10 Scout Tower
44:11 Scout Tower
44:12 Scout Tower
44:12 Scout Tower
44:13 Scout Tower
44:13 Scout Tower
44:14 Scout Tower
44:16 Scout Tower
44:18 Scout Tower
44:30 Scout Tower
44:31 Scout Tower
44:31 Scout Tower
44:32 Scout Tower
44:34 Scout Tower
44:34 Scout Tower
44:36 Guard Tower
44:37 Guard Tower
44:42 Scout Tower
44:43 Scout Tower
44:44 Scout Tower
44:44 Scout Tower
44:45 Scout Tower
44:45 Scout Tower
44:46 Scout Tower
44:47 Scout Tower
44:48 Scout Tower
44:49 Scout Tower
44:50 Scout Tower
44:50 Scout Tower
44:51 Scout Tower
44:54 Guard Tower
44:55 Scout Tower
44:56 Scout Tower
44:57 Scout Tower
44:58 Scout Tower
44:59 Scout Tower
45:01 Scout Tower
45:02 Scout Tower
45:03 Scout Tower
45:03 Scout Tower
45:04 Scout Tower
45:04 Scout Tower
45:05 Scout Tower
45:06 Scout Tower
45:07 Scout Tower
45:08 Guard Tower
45:16 Town Hall
45:17 Scout Tower
45:18 Scout Tower
45:18 Scout Tower
45:19 Scout Tower
45:20 Scout Tower
45:20 Scout Tower
45:21 Scout Tower
45:21 Scout Tower
45:22 Scout Tower
45:23 Scout Tower
45:25 Guard Tower
45:26 Guard Tower
45:28 Scout Tower
45:29 Scout Tower
45:30 Scout Tower
45:30 Scout Tower
45:30 Scout Tower
45:31 Scout Tower
45:32 Scout Tower
45:32 Scout Tower
45:33 Scout Tower
45:35 Guard Tower
45:36 Scout Tower
45:37 Scout Tower
45:37 Scout Tower
45:38 Scout Tower
45:39 Scout Tower
45:40 Scout Tower
45:40 Scout Tower
45:58 Guard Tower
45:58 Guard Tower
46:01 Guard Tower
46:02 Guard Tower
46:03 Guard Tower
46:04 Guard Tower
46:13 Guard Tower
46:13 Guard Tower
46:17 Guard Tower
46:19 Guard Tower
46:20 Guard Tower
46:23 Scout Tower
46:29 Scout Tower
46:30 Scout Tower
46:30 Scout Tower
46:31 Scout Tower
46:31 Scout Tower
46:33 Scout Tower
46:33 Scout Tower
46:34 Scout Tower
46:35 Scout Tower
46:35 Scout Tower
46:36 Scout Tower
46:37 Guard Tower
46:37 Guard Tower
46:41 Guard Tower
46:42 Guard Tower
46:44 Scout Tower
46:45 Scout Tower
46:46 Scout Tower
46:47 Scout Tower
46:48 Scout Tower
46:50 Scout Tower
46:52 Scout Tower
46:53 Scout Tower
46:54 Guard Tower
46:54 Guard Tower
46:55 Guard Tower
46:55 Guard Tower
47:00 Scout Tower
47:01 Scout Tower
47:02 Scout Tower
47:02 Scout Tower
47:03 Scout Tower
47:03 Scout Tower
47:04 Scout Tower
47:05 Scout Tower
47:05 Scout Tower
47:06 Scout Tower
47:07 Scout Tower
47:07 Scout Tower
47:08 Scout Tower
47:09 Scout Tower
47:09 Scout Tower
47:10 Scout Tower
47:11 Scout Tower
47:11 Scout Tower
47:12 Scout Tower
47:13 Scout Tower
47:15 Scout Tower
47:16 Scout Tower
47:17 Scout Tower
47:19 Guard Tower
47:19 Guard Tower
47:24 Scout Tower
47:25 Scout Tower
47:28 Scout Tower
47:30 Scout Tower
47:31 Scout Tower
47:32 Scout Tower
47:33 Scout Tower
47:33 Scout Tower
47:34 Scout Tower
47:34 Scout Tower
47:35 Scout Tower
47:37 Scout Tower
47:37 Scout Tower
47:38 Scout Tower
47:38 Scout Tower
47:40 Scout Tower
47:40 Scout Tower
47:42 Guard Tower
47:42 Guard Tower
47:43 Scout Tower
47:45 Scout Tower
47:46 Scout Tower
47:46 Scout Tower
47:52 Guard Tower
47:52 Guard Tower
47:55 Scout Tower
48:06 Guard Tower
48:06 Guard Tower
48:21 Guard Tower
48:22 Guard Tower
48:24 Scout Tower
48:25 Scout Tower
48:26 Scout Tower
48:27 Scout Tower
48:28 Scout Tower
48:29 Scout Tower
48:32 Scout Tower
48:33 Scout Tower
48:34 Scout Tower
48:39 Scout Tower
48:40 Scout Tower
48:42 Scout Tower
48:43 Scout Tower
48:45 Guard Tower
48:53 Scout Tower
48:54 Scout Tower
48:54 Scout Tower
48:55 Scout Tower
48:56 Scout Tower
48:57 Scout Tower
48:58 Scout Tower
48:59 Scout Tower
49:00 Scout Tower
49:00 Scout Tower
49:01 Scout Tower
49:02 Scout Tower
49:04 Guard Tower
49:04 Guard Tower
49:11 Guard Tower
49:11 Guard Tower
49:16 Guard Tower
49:17 Guard Tower
49:21 Guard Tower
49:21 Guard Tower
49:22 Scout Tower
49:23 Scout Tower
49:24 Scout Tower
49:24 Scout Tower
49:26 Scout Tower
49:27 Scout Tower
49:27 Scout Tower
49:28 Scout Tower
49:30 Scout Tower
49:31 Scout Tower
49:32 Scout Tower
49:32 Scout Tower
49:33 Scout Tower
49:34 Scout Tower
49:36 Guard Tower
49:36 Guard Tower
49:36 Guard Tower
49:45 Guard Tower
49:45 Guard Tower
50:12 Guard Tower
50:13 Scout Tower
50:14 Scout Tower
50:15 Scout Tower
50:15 Scout Tower
50:16 Scout Tower
50:16 Scout Tower
50:17 Scout Tower
50:17 Scout Tower
50:22 Guard Tower
50:25 Guard Tower
50:25 Guard Tower
50:27 Guard Tower
50:27 Guard Tower
51:05 Guard Tower
51:05 Guard Tower
51:07 Guard Tower
51:14 Scout Tower
51:15 Scout Tower
51:16 Scout Tower
51:54 Guard Tower
51:54 Guard Tower
51:54 Guard Tower
52:03 Guard Tower
52:04 Guard Tower
52:08 Scout Tower
52:09 Scout Tower
52:10 Scout Tower
52:10 Scout Tower
52:11 Scout Tower
52:12 Scout Tower
52:13 Scout Tower
52:13 Scout Tower
52:14 Scout Tower
52:14 Scout Tower
52:30 Guard Tower
52:30 Guard Tower
52:34 Guard Tower
52:35 Guard Tower
52:35 Scout Tower
52:36 Scout Tower
52:39 Scout Tower
52:42 Scout Tower
52:43 Scout Tower
52:44 Scout Tower
52:45 Scout Tower
52:45 Scout Tower
52:47 Scout Tower
52:48 Scout Tower
52:49 Scout Tower
52:53 Scout Tower
52:54 Scout Tower
52:55 Scout Tower
53:02 Guard Tower
53:02 Guard Tower
53:04 Scout Tower
53:06 Scout Tower
53:07 Scout Tower
53:08 Scout Tower
53:08 Scout Tower
53:09 Scout Tower
53:10 Scout Tower
53:10 Scout Tower
53:11 Scout Tower
53:11 Scout Tower
53:12 Scout Tower
53:28 Guard Tower
53:28 Guard Tower
53:31 Scout Tower
53:33 Scout Tower
53:36 Guard Tower
53:38 Scout Tower
53:39 Scout Tower
53:39 Scout Tower
53:40 Scout Tower
53:40 Scout Tower
53:41 Scout Tower
54:00 Guard Tower
54:00 Guard Tower
54:00 Guard Tower
54:03 Scout Tower
54:04 Scout Tower
54:05 Scout Tower
54:05 Scout Tower
54:06 Scout Tower
54:07 Scout Tower
54:08 Scout Tower
54:09 Scout Tower
54:09 Scout Tower
54:10 Scout Tower
54:11 Scout Tower
54:11 Scout Tower
54:13 Guard Tower
54:13 Guard Tower
54:22 Scout Tower
54:23 Scout Tower
54:23 Scout Tower
54:24 Scout Tower
54:24 Scout Tower
54:25 Scout Tower
54:26 Scout Tower
54:27 Scout Tower
54:27 Scout Tower
54:28 Scout Tower
54:41 Guard Tower
54:56 Lumber Mill
55:00 Guard Tower
55:00 Guard Tower
55:21 Guard Tower
55:22 Guard Tower
55:33 Guard Tower
55:47 Scout Tower
55:48 Scout Tower
55:49 Scout Tower
55:49 Scout Tower
55:50 Scout Tower
55:50 Scout Tower
55:51 Scout Tower
55:51 Scout Tower
55:52 Scout Tower
55:53 Scout Tower
55:54 Scout Tower
55:54 Scout Tower
55:55 Scout Tower
55:55 Scout Tower
56:26 Guard Tower
56:43 Scout Tower
56:44 Scout Tower
56:45 Scout Tower
56:45 Scout Tower
57:07 Guard Tower
57:08 Guard Tower
57:08 Guard Tower
57:10 Guard Tower
57:10 Guard Tower
57:27 Scout Tower
57:28 Scout Tower
57:28 Scout Tower
57:29 Scout Tower
57:31 Scout Tower
57:33 Scout Tower
57:34 Scout Tower
57:34 Scout Tower
57:35 Scout Tower
57:36 Scout Tower
57:37 Scout Tower
57:38 Scout Tower
57:44 Guard Tower
57:44 Guard Tower
57:45 Guard Tower
57:47 Guard Tower
57:54 Scout Tower
57:55 Scout Tower
57:55 Scout Tower
57:56 Scout Tower
57:57 Scout Tower
57:57 Scout Tower
57:58 Scout Tower
57:59 Scout Tower
58:01 Scout Tower
58:01 Scout Tower
58:02 Scout Tower
58:03 Scout Tower
58:15 Scout Tower
58:16 Scout Tower
58:17 Scout Tower
58:17 Scout Tower
58:18 Scout Tower
58:19 Scout Tower
58:20 Scout Tower
58:21 Scout Tower
58:33 Guard Tower
58:33 Guard Tower
58:36 Scout Tower
58:37 Scout Tower
58:38 Scout Tower
58:40 Scout Tower
58:41 Scout Tower
58:44 Guard Tower
58:45 Guard Tower
58:48 Guard Tower
58:48 Guard Tower
59:07 Guard Tower
59:08 Guard Tower
59:11 Guard Tower
59:11 Guard Tower
59:13 Guard Tower
59:19 Scout Tower
59:20 Scout Tower
59:21 Scout Tower
59:22 Scout Tower
59:23 Scout Tower
59:25 Scout Tower
59:25 Scout Tower
59:26 Scout Tower
59:27 Scout Tower
59:28 Scout Tower
59:31 Guard Tower
59:32 Guard Tower
59:34 Guard Tower
59:35 Guard Tower
59:36 Scout Tower
59:38 Scout Tower
59:38 Scout Tower
59:39 Scout Tower
59:40 Scout Tower
59:40 Scout Tower
59:42 Scout Tower
59:43 Scout Tower
59:43 Scout Tower
59:44 Scout Tower
59:50 Guard Tower
59:51 Guard Tower
60:00 Scout Tower
60:02 Scout Tower
60:03 Scout Tower
60:04 Scout Tower
60:05 Scout Tower
60:07 Scout Tower
60:08 Scout Tower
60:08 Scout Tower
60:09 Scout Tower
60:11 Scout Tower
60:12 Scout Tower
60:13 Scout Tower
60:13 Scout Tower
60:14 Scout Tower
60:15 Scout Tower
60:54 Guard Tower
60:55 Scout Tower
60:56 Scout Tower
60:57 Scout Tower
60:58 Scout Tower
60:59 Scout Tower
61:00 Scout Tower
61:12 Guard Tower
61:12 Guard Tower
61:16 Scout Tower
61:17 Scout Tower
61:17 Scout Tower
61:18 Scout Tower
61:19 Scout Tower
61:20 Scout Tower
61:22 Scout Tower
61:23 Scout Tower
61:23 Scout Tower
61:26 Scout Tower
61:27 Scout Tower
61:28 Scout Tower
61:37 Scout Tower
61:41 Guard Tower
61:41 Guard Tower
61:42 Guard Tower
61:52 Scout Tower
61:53 Scout Tower
61:55 Scout Tower
62:02 Guard Tower
62:02 Guard Tower
62:04 Guard Tower
62:08 Scout Tower
62:08 Scout Tower
62:10 Scout Tower
62:11 Scout Tower
62:11 Scout Tower
62:12 Scout Tower
62:13 Scout Tower
62:14 Scout Tower
62:15 Scout Tower
62:16 Scout Tower
62:17 Scout Tower
62:18 Scout Tower
62:19 Scout Tower
62:20 Scout Tower
62:21 Scout Tower
62:22 Scout Tower
62:23 Scout Tower
62:24 Scout Tower
62:25 Scout Tower
62:26 Scout Tower
62:27 Scout Tower
62:28 Scout Tower
62:29 Scout Tower
62:30 Scout Tower
62:30 Scout Tower
62:31 Scout Tower
62:38 Guard Tower
62:42 Scout Tower
62:43 Scout Tower
62:44 Scout Tower
62:45 Scout Tower
62:46 Scout Tower
63:01 Guard Tower
63:07 Scout Tower
63:12 Guard Tower
63:12 Guard Tower
63:16 Scout Tower
63:17 Scout Tower
63:17 Scout Tower
63:18 Scout Tower
63:19 Scout Tower
63:27 Guard Tower
63:27 Guard Tower
63:31 Guard Tower
63:31 Guard Tower
63:31 Guard Tower
63:34 Guard Tower
63:35 Guard Tower
63:39 Scout Tower
63:40 Scout Tower
63:41 Scout Tower
63:43 Scout Tower
63:44 Scout Tower
63:45 Scout Tower
63:45 Scout Tower
63:46 Scout Tower
63:46 Scout Tower
63:47 Scout Tower
63:48 Scout Tower
63:49 Scout Tower
63:55 Guard Tower
63:58 Scout Tower
63:59 Scout Tower
63:59 Scout Tower
64:00 Scout Tower
64:01 Scout Tower
64:01 Scout Tower
64:02 Scout Tower
64:02 Scout Tower
64:03 Scout Tower
64:04 Scout Tower
64:07 Guard Tower
64:10 Scout Tower
64:11 Scout Tower
64:12 Scout Tower
64:12 Scout Tower
64:13 Scout Tower
64:14 Scout Tower
64:22 Guard Tower
64:22 Guard Tower
64:37 Guard Tower
64:37 Guard Tower
64:53 Guard Tower
64:53 Guard Tower
64:56 Scout Tower
64:58 Scout Tower
64:58 Scout Tower
64:59 Scout Tower
64:59 Scout Tower
65:00 Scout Tower
65:01 Scout Tower
65:01 Scout Tower
65:02 Scout Tower
65:03 Scout Tower
65:04 Scout Tower
65:04 Scout Tower
65:11 Scout Tower
65:12 Scout Tower
65:12 Scout Tower
65:13 Scout Tower
65:13 Scout Tower
65:14 Scout Tower
65:15 Scout Tower
65:16 Scout Tower
65:18 Scout Tower
65:18 Scout Tower
65:21 Guard Tower
65:21 Guard Tower
65:22 Guard Tower
65:39 Guard Tower
65:39 Guard Tower
65:40 Scout Tower
65:41 Scout Tower
65:41 Scout Tower
65:42 Scout Tower
65:44 Scout Tower
65:44 Scout Tower
65:45 Scout Tower
65:46 Scout Tower
65:47 Scout Tower
65:49 Scout Tower
65:49 Scout Tower
65:50 Scout Tower
65:51 Scout Tower
65:51 Scout Tower
65:52 Scout Tower
66:46 Scout Tower
66:48 Guard Tower
66:53 Scout Tower
66:55 Scout Tower
66:55 Scout Tower
66:56 Scout Tower
67:00 Scout Tower
67:01 Scout Tower
67:02 Scout Tower
67:03 Scout Tower
67:06 Scout Tower
67:06 Scout Tower
67:07 Scout Tower
67:08 Scout Tower
67:57 Guard Tower
67:57 Guard Tower
68:01 Scout Tower
68:02 Scout Tower
68:03 Scout Tower
68:13 Scout Tower
68:14 Scout Tower
68:15 Scout Tower
68:19 Guard Tower
68:28 Scout Tower
68:31 Scout Tower
68:32 Scout Tower
68:33 Scout Tower
68:33 Scout Tower
68:34 Scout Tower
68:35 Scout Tower
68:56 Guard Tower
68:57 Guard Tower
68:59 Guard Tower
68:59 Guard Tower
68:59 Guard Tower
69:11 Scout Tower
69:12 Scout Tower
69:13 Scout Tower
69:14 Scout Tower
69:14 Scout Tower
70:02 Guard Tower
70:02 Guard Tower
70:06 Guard Tower
70:07 Guard Tower
70:08 Guard Tower
70:08 Guard Tower
70:31 Guard Tower
70:32 Guard Tower
70:40 Scout Tower
70:42 Scout Tower
70:44 Scout Tower
70:45 Scout Tower
70:46 Scout Tower
70:57 Scout Tower
71:02 Scout Tower
71:10 Scout Tower
71:11 Scout Tower
71:12 Scout Tower
71:14 Scout Tower
71:15 Scout Tower
71:20 Guard Tower
71:37 Guard Tower
71:37 Guard Tower
71:47 Guard Tower
72:19 Guard Tower
72:20 Guard Tower
72:33 Guard Tower
72:33 Guard Tower
72:34 Guard Tower
72:44 Guard Tower
72:44 Guard Tower
73:24 Lumber Mill
73:35 Guard Tower
73:35 Guard Tower
73:41 Guard Tower
73:41 Guard Tower
74:13 Scout Tower
74:15 Scout Tower
74:16 Scout Tower
74:17 Scout Tower
74:18 Scout Tower
74:19 Scout Tower
74:21 Scout Tower
74:21 Scout Tower
74:41 Scout Tower
74:42 Scout Tower
74:44 Scout Tower
74:58 Scout Tower
74:59 Scout Tower
75:00 Scout Tower
75:00 Scout Tower
75:01 Scout Tower
75:06 Guard Tower
75:06 Guard Tower
75:23 Guard Tower
75:23 Guard Tower
75:23 Guard Tower
75:51 Guard Tower
75:51 Guard Tower
75:53 Scout Tower
75:54 Scout Tower
75:55 Scout Tower
75:56 Scout Tower
75:57 Scout Tower
76:00 Scout Tower
76:02 Scout Tower
76:03 Scout Tower
76:04 Scout Tower
76:05 Scout Tower
76:06 Scout Tower
76:07 Scout Tower
76:19 Guard Tower
76:19 Guard Tower
76:34 Scout Tower
76:35 Scout Tower
76:36 Scout Tower
76:37 Scout Tower
76:38 Scout Tower
76:38 Scout Tower
76:39 Scout Tower
76:40 Scout Tower
76:41 Scout Tower
76:52 Guard Tower
76:52 Guard Tower
77:02 Scout Tower
77:03 Scout Tower
77:04 Scout Tower
77:05 Scout Tower
77:06 Scout Tower
77:07 Scout Tower
77:08 Scout Tower
77:09 Scout Tower
77:10 Scout Tower
77:10 Scout Tower
77:38 Guard Tower
77:38 Guard Tower
77:39 Guard Tower
78:05 Guard Tower
78:05 Guard Tower
78:06 Guard Tower
78:07 Guard Tower
78:24 Guard Tower
78:24 Guard Tower
78:29 Guard Tower
78:29 Guard Tower
78:44 Guard Tower
78:44 Guard Tower
78:45 Scout Tower
78:47 Scout Tower
78:47 Scout Tower
78:48 Scout Tower
78:49 Scout Tower
78:50 Scout Tower
78:52 Scout Tower
78:53 Scout Tower
78:53 Scout Tower
78:54 Scout Tower
78:55 Scout Tower
78:56 Scout Tower
78:57 Scout Tower
78:58 Scout Tower
78:58 Scout Tower
79:01 Scout Tower
79:03 Scout Tower
79:08 Scout Tower
79:08 Scout Tower
79:10 Scout Tower
79:10 Scout Tower
79:11 Scout Tower
79:14 Scout Tower
79:16 Scout Tower
79:19 Scout Tower
79:21 Scout Tower
79:22 Scout Tower
79:23 Scout Tower
79:29 Scout Tower
79:30 Scout Tower
79:30 Scout Tower
79:31 Scout Tower
79:31 Scout Tower
79:33 Scout Tower
79:33 Scout Tower
79:41 Guard Tower
79:43 Scout Tower
79:44 Scout Tower
79:50 Scout Tower
79:53 Lumber Mill
80:01 Scout Tower
80:02 Scout Tower
80:04 Scout Tower
80:06 Scout Tower
80:07 Scout Tower
80:12 Scout Tower
80:13 Scout Tower
80:14 Scout Tower
80:22 Guard Tower
80:22 Guard Tower
80:24 Guard Tower
80:26 Scout Tower
80:26 Scout Tower
80:27 Scout Tower
80:27 Scout Tower
80:27 Scout Tower
80:42 Guard Tower
80:43 Guard Tower
80:52 Guard Tower
80:52 Guard Tower
80:58 Scout Tower
80:59 Scout Tower
81:00 Scout Tower
81:31 Guard Tower
81:32 Guard Tower
81:47 Guard Tower
81:48 Guard Tower
» items
                
                | Healing Salve | 1 |  | 
| Scroll of Regeneration | 4 |  | 
                5 total
  
               
              
              
raytheon- (
red | 43 APM | 3530 actions | 82:06)
              
 6 Archmage 
 3 Blizzard
 1 Mass Teleport
 1 Brilliance Aura
 1 Summon Water Elemental
 
                » actions 
                
                | Assign group hotkey | 10 |  | 
| Basic commands | 86 |  | 
| Build / train | 209 |  | 
| Enter build submenu | 138 |  | 
| Enter hero's abilities submenu | 7 |  | 
| Right click | 1801 |  | 
| Select / deselect | 715 |  | 
| Select group hotkey | 303 |  | 
| Use ability | 257 |  | 
                3530 total
 » units 
                
                | Peasant | 31 |  | 
| Footman | 5 |  | 
| Dragonhawk Rider | 26 |  | 
| Mortar Team | 1 |  | 
| Goblin Shredder | 6 |  | 
                69 total
 » upgrades
                
                | Masonry | 3 |  | 
| Lumber Harvesting | 2 |  | 
| Swords | 3 |  | 
| Armor | 3 |  | 
| Cloud | 1 |  | 
| Magic Sentry | 1 |  | 
| Flare | 1 |  | 
                14 total
 » buildings
                
                | Altar of Kings | 1 |  | 
| Farm | 17 |  | 
| Lumber Mill | 1 |  | 
| Scout Tower | 118 |  | 
| Barracks | 1 |  | 
| Guard Tower | 85 |  | 
| Arcane Vault | 4 |  | 
| Keep | 1 |  | 
| Castle | 1 |  | 
| Gryphon Aviary | 2 |  | 
| Blacksmith | 1 |  | 
| Workshop | 1 |  | 
| Cannon Tower | 23 |  | 
| Arcane Sanctum | 1 |  | 
| Town Hall | 1 |  | 
| Arcane Tower | 2 |  | 
                260 total
 » build order
                00:07 Altar of Kings
00:16 Farm
00:46 Lumber Mill
01:02 Farm
01:06 Farm
01:08 Farm
02:23 Scout Tower
02:46 Scout Tower
03:03 Barracks
03:11 Guard Tower
03:17 Guard Tower
03:19 Farm
04:02 Scout Tower
04:24 Farm
05:12 Guard Tower
05:13 Farm
05:32 Arcane Vault
05:37 Arcane Vault
05:54 Scout Tower
06:25 Scout Tower
06:33 Scout Tower
06:41 Scout Tower
06:54 Scout Tower
06:58 Keep
07:01 Guard Tower
07:04 Farm
07:08 Scout Tower
07:13 Guard Tower
07:17 Scout Tower
07:21 Guard Tower
07:29 Scout Tower
07:36 Scout Tower
07:38 Guard Tower
07:44 Guard Tower
07:46 Scout Tower
07:48 Scout Tower
08:08 Scout Tower
08:09 Guard Tower
08:10 Guard Tower
08:14 Scout Tower
08:15 Scout Tower
08:20 Guard Tower
08:27 Guard Tower
08:28 Guard Tower
08:38 Scout Tower
08:40 Guard Tower
08:42 Scout Tower
08:53 Scout Tower
08:56 Scout Tower
09:09 Guard Tower
09:14 Scout Tower
09:22 Scout Tower
09:26 Scout Tower
09:30 Castle
09:36 Guard Tower
09:41 Scout Tower
09:46 Guard Tower
09:46 Guard Tower
09:55 Guard Tower
09:58 Scout Tower
10:00 Scout Tower
10:06 Scout Tower
10:32 Guard Tower
10:32 Guard Tower
10:36 Guard Tower
10:48 Guard Tower
11:07 Guard Tower
11:10 Scout Tower
11:18 Scout Tower
11:27 Scout Tower
11:41 Scout Tower
11:42 Scout Tower
11:43 Scout Tower
11:44 Scout Tower
11:45 Scout Tower
11:48 Scout Tower
11:49 Scout Tower
11:51 Scout Tower
11:52 Scout Tower
12:02 Guard Tower
12:02 Guard Tower
12:03 Guard Tower
12:04 Guard Tower
12:19 Guard Tower
13:32 Gryphon Aviary
14:28 Gryphon Aviary
15:32 Scout Tower
15:33 Scout Tower
15:35 Scout Tower
15:36 Scout Tower
16:04 Scout Tower
16:06 Guard Tower
16:07 Guard Tower
16:39 Guard Tower
16:40 Guard Tower
16:48 Scout Tower
17:10 Guard Tower
17:14 Scout Tower
17:20 Guard Tower
17:28 Scout Tower
17:51 Guard Tower
18:02 Blacksmith
18:11 Farm
18:13 Farm
18:17 Scout Tower
18:24 Scout Tower
18:27 Scout Tower
18:33 Guard Tower
18:46 Guard Tower
18:54 Scout Tower
19:50 Workshop
20:02 Farm
20:04 Farm
20:56 Guard Tower
20:59 Guard Tower
21:05 Scout Tower
21:19 Guard Tower
21:24 Scout Tower
22:18 Guard Tower
22:18 Guard Tower
22:24 Guard Tower
22:25 Guard Tower
22:25 Guard Tower
23:14 Farm
23:15 Farm
25:10 Farm
25:12 Farm
25:13 Farm
26:12 Scout Tower
26:19 Scout Tower
26:39 Cannon Tower
27:27 Cannon Tower
28:44 Scout Tower
29:44 Cannon Tower
29:51 Scout Tower
31:45 Cannon Tower
31:57 Scout Tower
32:02 Scout Tower
32:05 Scout Tower
32:32 Cannon Tower
32:33 Cannon Tower
32:34 Cannon Tower
32:38 Scout Tower
32:46 Scout Tower
32:50 Scout Tower
33:14 Guard Tower
33:17 Scout Tower
34:00 Scout Tower
34:01 Guard Tower
34:02 Guard Tower
34:02 Guard Tower
34:07 Scout Tower
34:12 Scout Tower
34:36 Guard Tower
34:41 Scout Tower
34:43 Cannon Tower
34:46 Guard Tower
34:49 Scout Tower
34:58 Scout Tower
35:13 Guard Tower
35:18 Guard Tower
35:28 Guard Tower
35:28 Guard Tower
35:41 Scout Tower
35:49 Scout Tower
35:52 Scout Tower
36:11 Cannon Tower
36:15 Scout Tower
36:18 Guard Tower
36:19 Guard Tower
36:22 Scout Tower
36:26 Scout Tower
36:37 Scout Tower
36:41 Guard Tower
36:41 Guard Tower
36:49 Guard Tower
36:52 Scout Tower
36:56 Guard Tower
37:05 Scout Tower
37:11 Guard Tower
37:13 Scout Tower
37:20 Cannon Tower
37:24 Scout Tower
37:29 Scout Tower
37:32 Scout Tower
37:34 Guard Tower
37:43 Guard Tower
37:55 Scout Tower
37:56 Cannon Tower
37:59 Guard Tower
38:02 Scout Tower
38:07 Scout Tower
38:08 Guard Tower
38:28 Guard Tower
38:30 Guard Tower
38:32 Scout Tower
38:35 Scout Tower
38:37 Guard Tower
38:39 Scout Tower
39:06 Guard Tower
39:09 Scout Tower
39:10 Scout Tower
39:12 Scout Tower
39:13 Guard Tower
39:17 Scout Tower
39:30 Guard Tower
39:39 Guard Tower
39:48 Guard Tower
40:36 Scout Tower
40:42 Scout Tower
41:05 Guard Tower
41:09 Guard Tower
44:22 Scout Tower
44:23 Scout Tower
44:26 Scout Tower
45:08 Guard Tower
45:09 Guard Tower
45:11 Guard Tower
45:39 Arcane Vault
46:12 Arcane Vault
54:07 Scout Tower
55:20 Cannon Tower
55:38 Arcane Sanctum
55:51 Scout Tower
55:52 Scout Tower
55:53 Scout Tower
55:54 Scout Tower
56:39 Guard Tower
56:39 Guard Tower
56:40 Guard Tower
57:17 Guard Tower
57:35 Scout Tower
57:59 Cannon Tower
58:05 Scout Tower
58:19 Cannon Tower
63:50 Scout Tower
63:59 Scout Tower
64:00 Scout Tower
64:27 Cannon Tower
64:30 Cannon Tower
64:31 Cannon Tower
64:31 Cannon Tower
64:38 Scout Tower
64:56 Scout Tower
64:57 Scout Tower
64:59 Scout Tower
65:02 Scout Tower
65:11 Cannon Tower
65:25 Cannon Tower
65:50 Cannon Tower
67:12 Cannon Tower
67:12 Cannon Tower
71:25 Town Hall
80:29 Scout Tower
80:51 Scout Tower
80:56 Scout Tower
81:15 Arcane Tower
81:35 Arcane Tower
81:42 Scout Tower
» items
                
                | Mana Stone | 1 |  | 
| Alleria's Flute of Accuracy | 1 |  | 
| Scroll of Regeneration | 3 |  | 
| Healing Salve | 1 |  | 
                6 total
  
               
              
              
Steelhound (
green | 39 APM | 3163 actions | 82:06)
              
 10 Blademaster 
 3 Wind Walk
 3 Critical Strike
 3 Mirror Image
 1 Bladestorm
 
                » actions 
                
                | Assign group hotkey | 12 |  | 
| Basic commands | 190 |  | 
| Build / train | 111 |  | 
| ESC pressed | 13 |  | 
| Enter build submenu | 79 |  | 
| Enter hero's abilities submenu | 10 |  | 
| Right click | 1367 |  | 
| Select / deselect | 588 |  | 
| Select group hotkey | 563 |  | 
| Use ability | 230 |  | 
                3163 total
 » units 
                
                | Peon | 13 |  | 
| Troll Batrider | 36 |  | 
| Mud Golem | 1 |  | 
| Demolisher | 18 |  | 
                68 total
 » upgrades
                
                | Spiked Barricades | 1 |  | 
| Ranged Weapons | 3 |  | 
| Liquid Fire | 1 |  | 
| Armor | 3 |  | 
| Reinforced Defenses | 1 |  | 
| Burning Oil | 1 |  | 
                10 total
 » buildings
                
                | Altar of Storms | 1 |  | 
| Orc Burrow | 6 |  | 
| War Mill | 2 |  | 
| Watch Tower | 48 |  | 
| Voodoo Lounge | 1 |  | 
| Stronghold | 1 |  | 
| Fortress | 1 |  | 
| Beastiary | 2 |  | 
| Barracks | 6 |  | 
| Great Hall | 1 |  | 
                69 total
 » build order
                00:09 Altar of Storms
00:14 Orc Burrow
00:34 War Mill
01:59 Watch Tower
02:14 Watch Tower
02:42 Orc Burrow
03:26 Watch Tower
03:30 Watch Tower
03:52 Watch Tower
04:12 Voodoo Lounge
04:40 Watch Tower
04:46 Watch Tower
05:37 Stronghold
06:52 Watch Tower
06:55 Watch Tower
07:23 Orc Burrow
07:55 Watch Tower
08:05 Watch Tower
08:51 Watch Tower
09:00 Watch Tower
09:06 Fortress
09:22 Beastiary
09:27 Beastiary
10:21 Watch Tower
11:15 Orc Burrow
11:20 Watch Tower
14:16 Watch Tower
14:17 Watch Tower
17:53 Watch Tower
17:55 Watch Tower
17:58 Watch Tower
19:50 Barracks
22:12 Orc Burrow
22:46 Watch Tower
22:51 Watch Tower
22:56 Watch Tower
27:45 Watch Tower
27:50 Watch Tower
29:38 Great Hall
30:08 Watch Tower
30:10 Watch Tower
30:48 War Mill
31:44 Watch Tower
32:54 Watch Tower
32:57 Watch Tower
33:10 Watch Tower
35:09 Watch Tower
35:11 Watch Tower
35:13 Watch Tower
35:15 Watch Tower
35:18 Watch Tower
35:45 Watch Tower
38:41 Watch Tower
38:43 Watch Tower
38:51 Watch Tower
39:46 Watch Tower
39:50 Watch Tower
40:41 Watch Tower
42:04 Barracks
42:12 Barracks
45:07 Barracks
47:29 Watch Tower
47:32 Watch Tower
47:35 Watch Tower
48:57 Watch Tower
48:58 Watch Tower
57:47 Barracks
57:56 Barracks
59:05 Orc Burrow
» items
                
                | Healing Salve | 7 |  | 
| Potion of Mana | 7 |  | 
| Potion of Healing | 5 |  | 
| Orb of Lightning | 1 |  | 
                20 total
  
               
              
              
timg4strok (
purple | 46 APM | 3742 actions | 82:06)
              
 10 Blademaster 
 3 Wind Walk
 3 Critical Strike
 1 Bladestorm
 3 Mirror Image
 1 Archmage 
 1 Brilliance Aura
 6 Tauren Chieftain 
 3 Endurance Aura
 2 Shockwave
 1 Reincarnation
 
                » actions 
                
                | Assign group hotkey | 5 |  | 
| Basic commands | 19 |  | 
| Build / train | 96 |  | 
| ESC pressed | 4 |  | 
| Enter build submenu | 349 |  | 
| Enter hero's abilities submenu | 17 |  | 
| Give item / drop item | 9 |  | 
| Right click | 1578 |  | 
| Select / deselect | 317 |  | 
| Select group hotkey | 843 |  | 
| Use ability | 504 |  | 
                3742 total
 » units 
                » upgrades
                
                | Spiked Barricades | 2 |  | 
| Reinforced Defenses | 1 |  | 
                3 total
 » buildings
                
                | Altar of Storms | 1 |  | 
| Orc Burrow | 3 |  | 
| War Mill | 5 |  | 
| Watch Tower | 324 |  | 
| Voodoo Lounge | 3 |  | 
| Stronghold | 1 |  | 
| Fortress | 1 |  | 
| Great Hall | 3 |  | 
                341 total
 » build order
                00:11 Altar of Storms
00:15 Orc Burrow
00:51 War Mill
02:01 War Mill
02:06 Watch Tower
02:26 Watch Tower
03:21 Watch Tower
03:30 Watch Tower
03:33 Watch Tower
03:41 Watch Tower
03:53 Watch Tower
04:09 Voodoo Lounge
04:16 Watch Tower
04:38 Watch Tower
04:49 Orc Burrow
05:08 Watch Tower
05:57 Watch Tower
05:58 Watch Tower
06:54 Watch Tower
07:55 Stronghold
08:00 Watch Tower
08:01 Watch Tower
08:02 Watch Tower
09:26 Watch Tower
09:29 Watch Tower
10:19 Fortress
11:28 Watch Tower
11:29 Watch Tower
11:31 Watch Tower
12:40 Watch Tower
12:41 Watch Tower
12:45 Watch Tower
13:18 Watch Tower
13:19 Watch Tower
13:20 Watch Tower
14:13 Watch Tower
14:16 Watch Tower
14:27 Watch Tower
14:28 Watch Tower
14:29 Watch Tower
14:29 Watch Tower
14:32 Watch Tower
14:33 Watch Tower
15:40 Watch Tower
15:41 Watch Tower
15:43 Watch Tower
15:44 Watch Tower
15:46 Watch Tower
15:47 Watch Tower
16:55 Watch Tower
16:56 Watch Tower
16:57 Watch Tower
16:58 Watch Tower
16:59 Watch Tower
17:02 Watch Tower
18:07 Voodoo Lounge
18:09 Watch Tower
18:10 Watch Tower
18:11 Voodoo Lounge
18:16 Watch Tower
18:17 Watch Tower
18:18 Watch Tower
18:20 Watch Tower
18:21 Watch Tower
18:22 Watch Tower
18:54 Watch Tower
19:23 Watch Tower
19:26 Watch Tower
19:27 Watch Tower
19:29 Watch Tower
19:56 War Mill
20:00 War Mill
21:44 Watch Tower
21:45 Watch Tower
21:46 Watch Tower
23:08 Watch Tower
23:10 Watch Tower
23:11 Watch Tower
23:12 Watch Tower
23:13 Watch Tower
23:16 Watch Tower
23:17 Watch Tower
23:18 Watch Tower
23:19 Watch Tower
23:22 Watch Tower
23:23 Watch Tower
23:29 Watch Tower
23:32 Watch Tower
26:07 Great Hall
26:14 Watch Tower
26:16 Watch Tower
26:17 Watch Tower
26:18 Watch Tower
27:06 Watch Tower
27:08 Watch Tower
27:10 Watch Tower
27:12 Watch Tower
27:13 Watch Tower
27:36 Watch Tower
27:37 Watch Tower
27:38 Watch Tower
27:43 Watch Tower
27:55 Watch Tower
27:57 Watch Tower
27:58 Watch Tower
28:01 Watch Tower
29:04 Watch Tower
29:07 Watch Tower
30:47 Watch Tower
30:48 Watch Tower
31:46 Great Hall
31:50 Watch Tower
31:51 Watch Tower
31:52 Watch Tower
31:52 Watch Tower
32:15 Watch Tower
32:17 Watch Tower
32:19 Watch Tower
32:20 Watch Tower
32:22 Watch Tower
32:25 Watch Tower
32:48 Watch Tower
32:51 Watch Tower
33:00 Watch Tower
33:01 Watch Tower
33:02 Watch Tower
33:04 Watch Tower
33:39 Watch Tower
33:40 Watch Tower
33:41 Watch Tower
34:02 Orc Burrow
34:56 Watch Tower
34:57 Watch Tower
34:58 Watch Tower
36:19 Watch Tower
36:21 Watch Tower
37:23 Watch Tower
37:25 Watch Tower
37:27 Watch Tower
37:28 Watch Tower
37:46 War Mill
39:50 Great Hall
39:59 Watch Tower
39:59 Watch Tower
40:00 Watch Tower
40:01 Watch Tower
41:55 Watch Tower
41:56 Watch Tower
41:58 Watch Tower
41:59 Watch Tower
42:00 Watch Tower
42:01 Watch Tower
43:48 Watch Tower
43:50 Watch Tower
43:52 Watch Tower
43:53 Watch Tower
43:54 Watch Tower
43:57 Watch Tower
45:08 Watch Tower
45:10 Watch Tower
45:11 Watch Tower
45:12 Watch Tower
45:13 Watch Tower
45:14 Watch Tower
47:10 Watch Tower
47:11 Watch Tower
47:13 Watch Tower
47:15 Watch Tower
47:16 Watch Tower
47:17 Watch Tower
48:54 Watch Tower
48:55 Watch Tower
48:57 Watch Tower
48:59 Watch Tower
49:01 Watch Tower
49:02 Watch Tower
49:06 Watch Tower
49:07 Watch Tower
50:16 Watch Tower
50:18 Watch Tower
50:19 Watch Tower
50:20 Watch Tower
50:23 Watch Tower
50:24 Watch Tower
51:37 Watch Tower
51:39 Watch Tower
51:40 Watch Tower
51:41 Watch Tower
51:44 Watch Tower
51:46 Watch Tower
51:59 Watch Tower
52:01 Watch Tower
52:03 Watch Tower
52:08 Watch Tower
52:46 Watch Tower
52:47 Watch Tower
52:49 Watch Tower
52:50 Watch Tower
52:52 Watch Tower
52:56 Watch Tower
53:44 Watch Tower
53:46 Watch Tower
53:48 Watch Tower
53:49 Watch Tower
53:51 Watch Tower
53:53 Watch Tower
53:54 Watch Tower
53:55 Watch Tower
53:57 Watch Tower
53:58 Watch Tower
54:20 Watch Tower
54:54 Watch Tower
54:55 Watch Tower
54:58 Watch Tower
55:18 Watch Tower
55:19 Watch Tower
55:22 Watch Tower
55:24 Watch Tower
55:26 Watch Tower
55:28 Watch Tower
56:37 Watch Tower
56:39 Watch Tower
56:40 Watch Tower
56:41 Watch Tower
56:44 Watch Tower
56:46 Watch Tower
58:09 Watch Tower
58:10 Watch Tower
58:12 Watch Tower
58:13 Watch Tower
58:15 Watch Tower
58:16 Watch Tower
59:41 Watch Tower
59:42 Watch Tower
59:44 Watch Tower
59:45 Watch Tower
59:47 Watch Tower
59:48 Watch Tower
60:59 Watch Tower
61:02 Watch Tower
61:05 Watch Tower
61:07 Watch Tower
61:09 Watch Tower
61:10 Watch Tower
62:09 Watch Tower
62:11 Watch Tower
62:13 Watch Tower
62:15 Watch Tower
62:17 Watch Tower
62:20 Watch Tower
63:16 Watch Tower
63:18 Watch Tower
63:24 Watch Tower
63:28 Watch Tower
63:31 Watch Tower
63:51 Watch Tower
64:12 Watch Tower
64:15 Watch Tower
64:31 Watch Tower
64:33 Watch Tower
64:35 Watch Tower
64:37 Watch Tower
64:39 Watch Tower
64:41 Watch Tower
64:48 Watch Tower
66:12 Watch Tower
66:15 Watch Tower
66:17 Watch Tower
66:19 Watch Tower
66:21 Watch Tower
66:24 Watch Tower
66:55 Watch Tower
67:27 Watch Tower
67:29 Watch Tower
67:30 Watch Tower
67:33 Watch Tower
67:34 Watch Tower
67:39 Watch Tower
67:40 Watch Tower
68:06 Watch Tower
68:41 Watch Tower
68:42 Watch Tower
68:45 Watch Tower
68:48 Watch Tower
68:50 Watch Tower
68:52 Watch Tower
69:19 Watch Tower
69:31 Watch Tower
70:10 Watch Tower
70:27 Watch Tower
70:37 Watch Tower
70:56 Watch Tower
70:58 Watch Tower
71:00 Watch Tower
71:33 Watch Tower
71:37 Watch Tower
71:48 Watch Tower
72:11 Watch Tower
72:13 Watch Tower
72:15 Watch Tower
72:42 Watch Tower
72:45 Watch Tower
72:58 Watch Tower
73:32 Watch Tower
73:34 Watch Tower
73:41 Watch Tower
74:06 Watch Tower
74:09 Watch Tower
74:14 Watch Tower
74:51 Watch Tower
74:52 Watch Tower
74:54 Watch Tower
74:56 Watch Tower
74:58 Watch Tower
75:01 Watch Tower
76:08 Watch Tower
76:09 Watch Tower
76:16 Watch Tower
76:18 Watch Tower
76:19 Watch Tower
76:20 Watch Tower
76:22 Watch Tower
76:25 Watch Tower
76:27 Watch Tower
76:31 Watch Tower
76:35 Watch Tower
76:39 Watch Tower
76:49 Watch Tower
77:24 Watch Tower
77:27 Watch Tower
77:29 Watch Tower
79:01 Watch Tower
79:02 Watch Tower
80:08 Watch Tower
80:10 Watch Tower
80:11 Watch Tower
80:13 Watch Tower
80:15 Watch Tower
81:49 Watch Tower
81:51 Watch Tower
81:54 Watch Tower
» items
                
                | Healing Salve | 3 |  | 
| Lesser Clarity Potion | 7 |  | 
| Scroll of Speed | 1 |  | 
| Orb of Lightning | 2 |  | 
| Potion of Healing | 4 |  | 
| Potion of Mana | 2 |  | 
| Ankh of Reincarnation | 1 |  | 
| Scourge Bone Chimes | 1 |  | 
| Potion of Divinity | 3 |  | 
| Health Stone | 1 |  | 
| Potion of Restoration | 4 |  | 
| Boots of Quel'Thalas +6 | 2 |  | 
| Belt of Giant Strength +6 | 2 |  | 
                33 total
  
                Chat log
          (00:15 / Allies) Mata.: hi ray lets tower
(00:19 / Allies) timg4strok: buttup steel
(00:22 / Allies) raytheon-: sup bro yes
(00:30 / Allies) Steelhound: where am i towering tim?
(00:31 / Allies) Mata.: can you get shacklers again this game
(00:32 / Allies) timg4strok: buttup = wattup
(00:42 / Allies) raytheon-: k
(00:44 / Allies) Mata.: towering that eventualyl
(00:45 / Allies) Steelhound: towering our back?
(00:52 / Allies) Steelhound: ?
(00:57 / Allies) timg4strok: i will
(01:01 / Allies) timg4strok: well
(01:04 / Allies) timg4strok: you tower your back
(01:06 / Allies) timg4strok: ill ytower mine
(01:08 / Allies) Steelhound: ok
(01:09 / Allies) timg4strok: we both tower front
(01:24 / Allies) timg4strok: tower dat
(01:29 / Allies) timg4strok: i got that
(01:38 / Allies) Steelhound: ping again plz
(01:40 / Allies) Steelhound: where
(01:42 / Allies) timg4strok: lets harass the shit out fo them
(01:46 / Allies) Steelhound: l
(01:47 / Allies) Steelhound: k
(01:50 / Allies) timg4strok: tower in front first
(02:15 / Allies) timg4strok: dont cut out all wood
(02:20 / Allies) Mata.: cut all wood
(02:25 / Allies) Mata.: all wood make way for the fires of industry
(02:27 / Allies) Mata.: and the two towers
(02:55 / Allies) timg4strok: aco lmao
(03:04 / All) timg4strok: läffö
(03:26 / Allies) Mata.: 2 nelfs down here
(03:34 / Allies) Mata.: guy hides his wisps so i only got 2
(03:40 / Allies) Mata.: ray shareon
(03:45 / Allies) timg4strok: where are towers steel
(03:57 / Allies) Mata.: oh holy shit
(04:02 / Allies) Mata.: treant first kotg i'm harassing again
(04:04 / Allies) timg4strok: hit yellow again
(04:06 / Allies) Mata.: didn't know that
(04:07 / Allies) Mata.: come
(04:07 / Allies) Mata.: ray
(04:19 / Allies) Mata.: i thuoght his hero might be a thread but i didn't know dis
(05:26 / Allies) Mata.: ne wisps too agile
(05:46 / Allies) timg4strok: are we towerin mid
(05:52 / Allies) Mata.: i'm towering *
(06:07 / Allies) timg4strok: ill help tower mid
(06:16 / Allies) Mata.: need to creep it and some other stuff first
(06:22 / Allies) timg4strok: yes
(06:30 / Allies) timg4strok: lmao steel
(06:30 / Allies) timg4strok: get
(06:31 / Allies) timg4strok: out
(06:37 / Allies) Steelhound: holoy
(06:38 / Allies) timg4strok: heal up creep dis one first
(06:52 / Allies) timg4strok: always take out priest
(06:52 / Allies) Mata.: tier up ray
(06:55 / Allies) Mata.: you need to get shacklers
(07:02 / Allies) timg4strok: lets go
(07:48 / Allies) Mata.: hope you dont mind ray
(07:53 / Allies) raytheon-: not at all
(08:11 / Allies) timg4strok: get priest
(08:23 / Allies) timg4strok: then  big wolf
(09:41 / Allies) timg4strok: go
(10:01 / Allies) Mata.: goddamnit i hate the shared unit control in this
(10:19 / Allies) raytheon-: defend
(10:35 / Allies) Steelhound: gonna go kill acos
(10:48 / Allies) timg4strok: got it
(11:07 / Allies) timg4strok: let mget
(11:08 / Allies) timg4strok: thanks
(11:30 / Allies) Mata.: finish that please bladem
(11:49 / Allies) Mata.: need zeps also
(11:52 / Allies) timg4strok: that next
(12:26 / Allies) raytheon-: siege
(12:44 / Allies) Mata.: only one huh
(13:34 / Allies) timg4strok: getting orb
(13:38 / Allies) timg4strok: steel
(13:39 / Allies) timg4strok: tower dis
(13:48 / Allies) timg4strok: im workin on mid ok
(13:51 / Allies) Mata.: the great tower wall of chyna
(14:05 / Allies) timg4strok: clearing this
(14:39 / Allies) Mata.: harass
(14:41 / Allies) Mata.: they all down here
(14:50 / Allies) timg4strok: got a zep
(15:00 / Allies) Mata.: man they got lotsa siege now
(15:05 / Allies) timg4strok: coming
(15:05 / Allies) timg4strok: sec
(15:32 / Allies) Mata.: fuck micro who needs it??
(15:50 / Allies) Mata.: army--
(16:46 / Allies) timg4strok: regen scroll
(16:54 / Allies) Mata.: getting()
(17:17 / All) saytr_bane: ARGHHH
(17:23 / Allies) Steelhound: heh
(17:41 / All) saytr_bane: ....
(18:09 / Allies) Mata.: creep with those bats
(18:09 / Allies) Mata.: please
(18:26 / Allies) Mata.: all that needs clearing
(19:06 / Allies) timg4strok: zep
(19:29 / Allies) Mata.: where@?
(19:31 / Allies) Mata.: bring archmages
(19:38 / Allies) timg4strok: i need wood
(19:58 / Allies) Mata.: i'm deforesting like it's civ4
(20:14 / Allies) timg4strok: shit
(20:16 / Allies) Mata.: yeah
(20:18 / Allies) Mata.: you need bats and stuff
(20:19 / Allies) Mata.: dog
(20:21 / Allies) Mata.: those things chainstun
(20:22 / Allies) Mata.: you
(20:26 / Allies) Mata.: stunlock gg
(20:36 / Allies) timg4strok: i got it
(20:45 / Allies) timg4strok: once one mine is down this is cake
(21:00 / Allies) Mata.: lionhorn nae bad
(21:21 / Allies) timg4strok: fucken oops
(21:27 / Allies) timg4strok: killed one
(21:30 / Allies) Mata.: nice why were you going alone anyway?
(21:34 / Allies) Mata.: hogging exp or what
(21:35 / Allies) timg4strok: i fine
(21:42 / Allies) Mata.: i mean that must be the reason
(21:53 / Allies) Mata.: because 1 bladem killing granite takes forever
(21:55 / Allies) timg4strok: do you want to come
(22:17 / Allies) timg4strok: im taking one expo
(22:24 / Allies) Mata.: we have 6 total
(22:25 / Allies) timg4strok: dis one ?
(22:29 / Allies) timg4strok: i mean in mid
(22:32 / Allies) timg4strok: we have 8
(22:34 / Allies) Mata.: i can take one doesn't matetr
(22:40 / Allies) timg4strok: ill take both
(22:43 / Allies) timg4strok: actually
(22:43 / Allies) Mata.: i'm hurting on gold anyawy
(22:49 / Allies) timg4strok: clear trees in mid
(22:53 / Allies) Mata.: that take too long
(22:55 / Allies) timg4strok: can we put one main
(22:55 / Allies) Mata.: don't bothher
(22:56 / Allies) timg4strok: o
(23:05 / Allies) Mata.: besides i don't think you can
(23:12 / Allies) Mata.: too close in between, wells around
(24:15 / Allies) Mata.: let bladems tank and go heal
(24:33 / Allies) Mata.: nm
(24:39 / Allies) Mata.: thought they'd opened it up
(24:48 / Allies) timg4strok: gogogo
(25:26 / Allies) Mata.: fighting golem around well
(25:28 / Allies) Mata.: gonna take a while
(25:38 / Allies) Steelhound: fuck i died
(25:40 / Allies) Steelhound: didn't even notice
(25:50 / Allies) timg4strok: he oom
(25:59 / Allies) raytheon-: wow
(26:00 / Allies) raytheon-: idiots
(26:02 / Allies) Mata.: yeah
(26:08 / Allies) Mata.: he gains mana whenever only archms attack hhim
(26:18 / Allies) Mata.: i mean gains hp
(26:28 / Allies) Mata.: right hard fight
(26:35 / Allies) Mata.: one of those two next
(27:02 / Allies) timg4strok: start towerin
(27:17 / Allies) raytheon-: high upkeeps means
(28:18 / Allies) timg4strok: gogog
(29:03 / Allies) Mata.: steel maybe?
(29:20 / Allies) timg4strok: need wood
(29:24 / Allies) timg4strok: steel expand
(29:38 / Allies) timg4strok: ty
(31:02 / Allies) timg4strok: upgrade
(31:39 / All) draygonia2: tower much?
(31:46 / All) Steelhound: BUTTS
(32:17 / All) Steelhound: DO YOU GUYS LIKE THE CIRCUS?
(32:21 / All) Steelhound: THEY HAVE ELEPHANTS
(32:43 / Allies) timg4strok: whyd you clear that DUMBBUTT
(32:51 / Allies) Mata.: who and where/
(32:54 / Allies) Mata.: oh
(34:21 / Allies) timg4strok: sigh
(34:37 / Allies) Mata.: wow
(34:40 / Allies) Mata.: this game is gonna be amazing
(34:50 / Allies) Mata.: bring ice reb
(36:07 / Allies) Mata.: where zep now
(36:10 / Allies) Mata.: need it 
(36:11 / Allies) Mata.: 1s
(36:18 / Allies) Steelhound: help me detonate on his chims plz
(36:45 / Allies) timg4strok: wanna do 2 exp each
(36:49 / Allies) Mata.: i have 3...
(36:52 / Allies) timg4strok: steel/ray take back?
(36:54 / Allies) timg4strok: oh
(36:54 / Allies) timg4strok: nm
(36:55 / Allies) timg4strok: lmao
(37:07 / Allies) timg4strok: ill take another
(37:09 / Allies) timg4strok: you too mata?
(37:21 / Allies) Mata.: we sure
(37:46 / Allies) Mata.: go
(38:13 / Allies) Mata.: bladem gets tome i guess
(38:21 / Allies) Mata.: nice 6
(38:39 / Allies) timg4strok: go
(39:55 / Allies) timg4strok: zep going there
(40:01 / Allies) raytheon-: they started
(40:11 / Allies) Mata.: dude
(40:14 / Allies) Mata.: i got so many infernal stones shit
(40:26 / Allies) timg4strok: more if you want
(40:29 / All) draygonia2: fuckin noobs
(40:30 / Allies) raytheon-: plz help
(40:36 / Allies) timg4strok: coming had to get vamp and ankh
(40:51 / Allies) Mata.: shit
(40:53 / Allies) Mata.: infernal stones can wait
(41:06 / Allies) Mata.: need aa 
(41:15 / Allies) timg4strok: sui
(41:17 / Allies) timg4strok: sui
(41:17 / Allies) timg4strok: sui
(41:51 / All) timg4strok: noobs
(42:06 / Allies) timg4strok: oops
(42:23 / Allies) timg4strok: gotta check
(42:29 / Allies) timg4strok: need replacement ankh
(42:37 / Allies) Mata.: i ened shackles plesae
(42:54 / Allies) timg4strok: got you potion steel
(42:56 / Allies) timg4strok: dont waste it
(44:20 / Allies) timg4strok: mata you expajnding or no
(44:25 / Allies) Mata.: i dunno if anyone else wants
(44:27 / Allies) Mata.: i mean i have too much money
(45:04 / Allies) raytheon-: they towered
(45:05 / Allies) raytheon-: too
(45:06 / Allies) raytheon-: lmao
(45:08 / Allies) Mata.: i know
(45:09 / Allies) Mata.: this is awesome
(45:26 / Allies) raytheon-: well i got cloud
(45:49 / Allies) timg4strok: steel
(45:50 / Allies) timg4strok: come
(46:08 / Allies) timg4strok: guys who wants items
(46:13 / Allies) timg4strok: i buyin them
(46:25 / Allies) Mata.: buy me a car
(46:28 / Allies) timg4strok: i need tc immo
(46:30 / Allies) timg4strok: imo
(47:21 / Allies) Mata.: i need lumber
(47:48 / Allies) Mata.: anyone want?
(48:10 / Allies) Mata.: no seriously ineed wood please
(48:13 / Allies) Mata.: ray
(48:15 / Allies) Mata.: you got 3k
(48:19 / Allies) Mata.: tim you too
(48:32 / Allies) timg4strok: what
(48:33 / Allies) Steelhound: siege there
(48:39 / Allies) timg4strok: dont
(48:40 / Allies) timg4strok: creep
(48:41 / Allies) timg4strok: let my tc
(48:42 / Allies) timg4strok: pls
(49:39 / Allies) Mata.: need more lumber
(49:41 / Allies) Mata.: more like slumber
(49:51 / Allies) Mata.: okay
(49:53 / Allies) Mata.: these guys are awesome
(50:34 / Allies) Mata.: need lumber bad
(51:07 / Allies) timg4strok: my zep
(51:17 / Allies) Mata.: need lumber bad
(51:52 / Allies) timg4strok: at this rate im gonna break 1k towers
(51:56 / Allies) Mata.: haha shit me too
(51:59 / Allies) Mata.: look at that mess
(54:34 / Allies) Mata.: i'm working on filling the holes in this solid mass of white
(54:38 / Allies) Mata.: or blue if you aren't me
(55:17 / Allies) Mata.: damnit i lost a shredder
(56:01 / Allies) Mata.: nm
(56:04 / Allies) timg4strok: anybody want some expos
(56:05 / Allies) Mata.: all 3 shredders accounted for
(56:15 / Allies) Mata.: the mines on this map are infinite
(56:19 / Allies) Mata.: how much can you spend really
(56:22 / Allies) timg4strok: faster rate
(56:35 / Allies) Mata.: i have four minse T_T
(56:40 / Allies) Mata.: still receiving negative flow
(56:53 / Allies) timg4strok: somebody take dat
(57:02 / Allies) Mata.: i'm at 50 food and i'm not harvesting enough lum i can't
(57:22 / Allies) Mata.: time to harvest this joke's forest
(57:35 / Allies) timg4strok: how much gold you have mata
(57:37 / Allies) Steelhound: fucking lol at mata's maze
(57:38 / All) saytr_bane: well we're aall boltstered to the point of no defeaat so one 2 questions
(57:39 / Allies) Mata.: under 10k
(57:48 / All) Mata.: just wait
(57:48 / All) timg4strok: are you kidding
(57:49 / All) saytr_bane: whos gonna get bored and leave first
(57:50 / All) raytheon-: actually
(57:53 / All) raytheon-: hahahahahaah
(57:57 / All) timg4strok: if i actually wanted to make units id kill you in 2 min
(58:03 / All) saytr_bane: and whos gonna chopp all the trees down first
(58:04 / All) Mata.: that's just him
(58:04 / All) timg4strok: im trying to break 1k towers
(58:05 / All) saytr_bane: ME!
(58:11 / All) Mata.: if we ALL made units this shit would be over in a sec
(58:26 / Allies) Mata.: i feel like amerikka
(58:30 / Allies) Mata.: stealing resources from the world
(59:47 / All) Mata.: you guys are fucking awesome though
(59:55 / All) Mata.: first team to counter mass towers with mass towers
(60:16 / All) draygonia2: nah we suck..
(60:30 / Allies) timg4strok: ;,map
(60:32 / Allies) timg4strok: lmao
(60:35 / All) Mata.: ah come on big fella
(60:43 / All) timg4strok: towers are fun
(60:57 / All) draygonia2: no1 listens i have best strat for towers but no1 fucking does wut i say im quitting this clan..
(61:06 / All) Mata.: what is your strat
(61:08 / All) Mata.: we'll listen
(61:09 / All) Mata.: and evaluate
(61:13 / All) Steelhound: yo fuk dis clan
(61:17 / All) timg4strok: we do towers 24/7
(61:30 / All) draygonia2: i can own any1 of u 1v1 if u tower
(61:34 / All) timg4strok: lmao
(61:35 / All) saytr_bane: we do COPYCAT
(61:35 / All) timg4strok: bro
(61:37 / All) draygonia2: ecpessially green
(61:40 / All) timg4strok: you aren't that good
(61:43 / All) saytr_bane: it ticks everyone off
(61:49 / All) draygonia2: dude i can pwn u
(61:53 / All) draygonia2: 1v1?
(61:57 / All) Mata.: you can't even take us now
(61:57 / All) timg4strok: you're killin me right now
(61:58 / All) Mata.: thanks
(61:59 / All) Steelhound: didn't see that coming
(62:16 / All) draygonia2: im out fuck this clan..
(62:22 / All) Steelhound: bye nub
(62:27 / All) saytr_bane: hmm
(62:29 / Allies) timg4strok: keep them
(62:31 / Allies) timg4strok: dont kill them
(62:33 / All) Mata.: what was his counter
(62:35 / All) Mata.: for mass towers
(62:39 / All) saytr_bane: hmm
(62:41 / Allies) timg4strok: ray stop
(62:41 / Allies) timg4strok: ray
(62:42 / Allies) timg4strok: stop
(62:46 / Allies) timg4strok: let them live
(62:47 / All) saytr_bane: :D
(63:45 / All) saytr_bane: :)
(63:47 / All) saytr_bane: tnx
(64:18 / Allies) raytheon-: dont cut
(64:19 / Allies) raytheon-: yet
(64:24 / Allies) Mata.: i know
(64:32 / Allies) Mata.: i'm keeping a watch on this
(64:48 / Allies) Mata.: more cannon towers brah
(65:58 / Allies) timg4strok: lmao
(66:34 / Allies) Mata.: laffo
(66:36 / Allies) Mata.: they trying to get to your twoers
(66:38 / Allies) timg4strok: wide open plains mata
(66:38 / Allies) Mata.: through mine
(67:06 / Allies) timg4strok: steel
(67:09 / Allies) timg4strok: grab some items
(67:23 / Allies) timg4strok: somebody fucken take
(67:42 / All) saytr_bane: ehh gg i could fight it but im bored
(67:46 / All) timg4strok: ok noob
(67:50 / All) Steelhound: k nub
(67:54 / All) saytr_bane: just for that im staying
(67:58 / All) timg4strok: ty
(67:58 / All) Mata.: thanks
(68:10 / All) Mata.: we need to break 1000 towers
(68:16 / All) dragonkin231: green your the noob.... look at the units oyu use..
(68:20 / All) timg4strok: mata already at 2k probably
(68:27 / All) timg4strok: for honor
(68:33 / All) saytr_bane: ... in what...
(68:38 / All) Mata.: towers = honour
(68:39 / All) timg4strok: life .... ?
(68:53 / Allies) Mata.: ok i'm out of lumber
(68:54 / All) saytr_bane: ... little creepy
(68:59 / Allies) timg4strok: do we do suicide chamber or what
(69:04 / Allies) raytheon-: why
(69:06 / Allies) raytheon-: we won
(69:09 / Allies) timg4strok: extra honor
(69:10 / Allies) raytheon-: no honor lost
(69:19 / Allies) Mata.: no dog we have such insane honor right now
(69:25 / Allies) timg4strok: sacrifice chamber ?
(69:28 / Allies) Mata.: i mean we're talking honorary member of honortown
(69:36 / All) dragonkin231: greenn... coward..
(69:44 / Allies) Mata.: STEELHOUND YOU SUCK
(69:49 / Allies) timg4strok: steel and ray an sleep on the fuckin door to honor town
(69:50 / Allies) Mata.: gimme some lum though please
(69:58 / Allies) timg4strok: me and mata prob. have key to town hall by now
(70:17 / Allies) timg4strok: mata i connecting to you
(70:21 / Allies) Mata.: we cut the ribbon when they constructed Honor Hall in Honortown, capital of Honoria
(70:27 / Allies) Mata.: slick
(70:30 / Allies) Steelhound: lmao
(70:37 / Allies) Mata.: i will help
(70:50 / Allies) Mata.: running out of lumber though
(70:51 / Allies) timg4strok: mata is just  ahuge blue blur in the bottom left
(70:52 / Allies) Mata.: thanks steelsie
(71:23 / All) saytr_bane: (yawn) this is boring ann i dont see what towers haave to do with anything so
(71:29 / All) timg4strok: leave noob
(71:30 / All) Steelhound: bye nub
(71:31 / All) Mata.: gg noob
(71:42 / Allies) timg4strok: time to make tower town
(71:55 / Allies) timg4strok: never done with orc idt
(72:02 / Allies) timg4strok: (i dont think)
(72:03 / Allies) Mata.: my tower prophets are spreading the word
(72:05 / All) saytr_bane: after yellow
(72:20 / Allies) timg4strok: 53k gold btw
(72:26 / Allies) Mata.: you're spending too slow imho
(72:35 / Allies) timg4strok: my heroes stand vigil at marketplace
(72:48 / Allies) Mata.: for what
(72:50 / Allies) timg4strok: only under 3k wood mata
(72:51 / Allies) Mata.: 6/6 infernal stone
(72:52 / All) saytr_bane: yeah this'll ruin my day if i dont end it
(72:59 / All) saytr_bane: already consumed 3 hrs
(73:01 / All) timg4strok: end it B!TCH
(73:02 / All) Mata.: hahaha that is the fucking spirit right there
(73:25 / Allies) timg4strok: my dog is fucking sleeping on my pillow and i wanted to put it to block the sun from getting in my eyes
(73:37 / Allies) Mata.: 101 uses for dogs
(73:44 / All) dragonkin231: you lil newbs wouldnt be so cocy wiht oout your towers..
(73:50 / All) Steelhound: what?
(73:52 / All) Mata.: yes we would
(73:58 / All) dragonkin231: you heard me bitch
(74:03 / Allies) timg4strok: did he mean cocky or cozy
(74:03 / All) Steelhound: what?
(74:21 / All) dragonkin231: shut the fuck up oyu lil gay bitch green
(74:23 / All) raytheon-: u lil noobs wouldnt b so cocy w/o ur tower
(74:23 / Allies) timg4strok: man i would feel safe if i was a worker on dis map
(74:25 / All) Steelhound: what?
(74:33 / Allies) Mata.: if i was that worker
(74:37 / Allies) Mata.: i would feel hell of safe
(74:42 / Allies) timg4strok: is this the capital
(74:51 / Allies) Mata.: i'd ping my capital but blue on blue doesn't show ell
(74:54 / Allies) raytheon-: hahaha
(75:00 / Allies) raytheon-: my base is like a tumor
(75:08 / Allies) raytheon-: on the side of mata's horde
(75:12 / Allies) timg4strok: my base is chill
(75:15 / Allies) Mata.: there is honor even in this
(75:20 / Allies) timg4strok: great defensive wall
(75:23 / Allies) timg4strok: will never falter
(75:33 / Allies) Mata.: haha attack ground
(76:02 / Allies) timg4strok: still lumber
(76:11 / Allies) Mata.: i'm harvesting mid
(76:13 / Allies) Mata.: stripmining map
(77:15 / Allies) timg4strok: foreman 'tygore' watches over his workers to make sure the complete the job....
(77:24 / Allies) Steelhound: seriously lollin
(77:26 / Allies) Mata.: isn't tygore a blizz rep for world of warcraft
(77:35 / Allies) Mata.: wait he's also a chieftain there you go
(77:36 / Allies) Steelhound: that was funny tim
(77:36 / Allies) timg4strok: what is this?!!?
(77:38 / Allies) raytheon-: oh shit
(77:42 / Allies) raytheon-: teleported
(77:44 / Allies) Mata.: wow
(77:46 / Allies) timg4strok: inspector 'mikasa' is not pleased with how things are going
(77:46 / Allies) Mata.: honor chamber
(77:47 / Allies) raytheon-: into death chamber?/?
(77:49 / Allies) Steelhound: foreman tigor
(77:51 / Allies) raytheon-: oh honor
(77:53 / Allies) raytheon-: chamber
(77:58 / Allies) Mata.: shit
(77:59 / Allies) Mata.: haha
(77:59 / Allies) timg4strok: "these towers arent coming up quick enough!"
(78:13 / Allies) timg4strok: take this you surly bitch
(78:15 / Allies) Mata.: sorry sir we will double our efforts
(78:18 / Allies) Mata.: we will speedbuild
(78:26 / Allies) timg4strok: "for great honor!"
(78:37 / All) raytheon-: hey are you even here
(78:38 / Allies) Mata.: always bet on tygore...
(79:16 / Allies) timg4strok: i like making little groups of towers and pretending they are soldiers in a roman army or w.e
(79:25 / Allies) Mata.: uhuh
(79:38 / Allies) Mata.: well we all like towers for different reasons
(79:53 / Allies) timg4strok: this will be a magnificent meeting
(79:58 / Allies) timg4strok: once the towers connect
(80:06 / Allies) timg4strok: i honestly dont think you could get anymore honor
(80:15 / Allies) Mata.: seriously
(80:16 / Allies) Mata.: this is it
(80:18 / Allies) Mata.: this is the limit of honour
(80:25 / Allies) timg4strok: should we just leave
(80:32 / Allies) Mata.: i really don't know
(80:34 / Allies) raytheon-: raytheon seals the bond
(80:36 / Allies) Steelhound: mata has gone mad with power
(80:38 / Allies) Mata.: i have absolutely no idea what to do with this much honour
(80:51 / Allies) timg4strok: the honor is too great
(81:04 / Allies) Mata.: it's like giving birth to a little child
(81:06 / Allies) Mata.: made of honor
(81:11 / Allies) timg4strok: inspector 'mikasa': "well done, boys!"
(81:18 / Allies) raytheon-: arcane towers
(81:21 / Allies) raytheon-: to mark
(81:23 / Allies) raytheon-: the connection
(81:23 / Allies) Mata.: yes, i believe the overseer of st toweria is coming in now
(81:25 / Allies) Mata.: by helicopter
(81:28 / Allies) Mata.: oh here he is alraedy
(81:40 / Allies) timg4strok: foreman 'tygore': "thank you sir, it is with great honor that we dedicate this highway to Honoria"
(81:41 / Allies) Mata.: i am greatly honored by this achievement
(81:57 / Allies) Mata.: a place in honoria awaits us in the afterlife now
(81:58 / Allies) Mata.: truly
(82:00 / Allies) timg4strok: o
(82:05 / Allies) Mata.: , says Landazar, kind of Toweria